 Dungeon Crawl Stone Soup version 0.21-a0-19-g210df22 (webtiles) character file.

0 Manul the Ducker (level 1, -7/16 HPs)
             Began as a Spriggan Abyssal Knight on May 24, 2017.
             Was a Follower of Lugonu.
             Mangled by a tentacled starspawn (16 damage)
             ... on level 2 of the Abyss.
             The game lasted 00:01:02 (348 turns).

Manul the Ducker (Spriggan Abyssal Knight)           Turns: 348, Time: 00:01:02

Health: -7/16      AC: 20    Str:  1 (4)  XL:     1   Next: 0%
Magic:  3/3        EV:  4    Int:  7 (9)  God:    Lugonu [*.....]
Gold:   0          SH:  0    Dex: 13 (15) Spells: 0/0 levels left

rFire    . . .     SeeInvis +   g - +0 rapier
rCold    . . .     Gourm    .   (shield restricted)
rNeg     + + +     Faith    .   (armour currently unavailable)
rPois    +         Spirit   .   (helmet currently unavailable)
rElec    .         Reflect  .   (cloak currently unavailable)
rCorr    .         Harm     .   (gloves unavailable)
MR       .....     Rnd*Rage +   (boots unavailable) Stlth +.........NoTele +
                                (no amulet)
Regen    0.1/turn               (no ring)
MPRegen  0.1/turn               (no ring)

@: tree-form
A: unfitting armour, see invisible, [berserk 2], [dopey 2], herbivore 3, slow
metabolism 2, [weak 2], [MP-powered wands]
a: Depart the Abyss, Renounce Religion


You were on level 2 of the Abyss.
You worshipped Lugonu.
Lugonu was aware of your devotion.
You were not hungry.
You were a tree.
You visited 0 branches of the dungeon, and saw 0 of its levels.
You visited the Abyss 1 time.

Inventory:

Hand Weapons
 a - a +1 short sword
 g - a +0 rapier (weapon)
Armour
 b - a +0 robe
 e - a cursed +0 robe (melded)
Scrolls
 d - a scroll of immolation {unknown}
Comestibles
 c - a bread ration
 i - a royal jelly


   Skills:
 + Level 2.4 Fighting
 + Level 2.1 Short Blades
 + Level 3.5 Dodging
 + Level 1.7 Invocations


You couldn't memorise any spells.
You didn't know any spells.

Dungeon Overview and Level Annotations

Branches:
Dungeon (0/15)

Altars:


Innate Abilities, Weirdness & Mutations

You are very small and have problems with some larger weapons.
You are too small for most types of armour.
You have supernaturally acute eyesight. (SInv)
You are a herbivore.
((You cover ground extremely quickly.))
You need consume almost no food.
[You often lose your temper in combat.]
[You are very dopey. (Int -4)]
[You are very weak. (Str -4)]
[You expend magic power (3 MP) to strengthen your wands.]


Message History

Okay, then.
Wield which item (- for none, * to show all)? (? for menu, Esc to quit)
g - a +0 rapier (weapon)
Found a corrupted altar of Lugonu.
There is a corrupted altar of Lugonu here.
i - a royal jelly A tentacled starspawn comes into view.
Tentacles burst from the starspawn's body!
A starspawn tentacle comes into view.
A raiju comes into view.
You start resting.
It was a potion of lignification.
You turn into a tree.
Your cursed +0 robe melds into your body.
Your roots penetrate the ground.
It was a potion of degeneration.
There was something very wrong with that liquid.
You feel weakened.
You feel dopey.
You feel clumsy. The tentacled starspawn bites you!
Ouch! That really hurt!
You die...

# ### # # #
#♣# h# .
#X#### #.#
##. ## .#
#..## #.
#### .# ##
.# ##.#.#
..# . # #.##
#.#. #..
##.# # .. ##
#. # #.
X##.##### #.
####... ## #
#.#......#.#


You could see a tentacled starspawn.

Vanquished Creatures (others)
  2 starspawn tentacles (Abyss:2)
2 creatures vanquished.

Notes
Turn   | Place    | Note
-------+----------+-------------------------------------------
     0 | Abyss:1  | Manul the Spriggan Abyssal Knight began the quest for the Orb.
     0 | Abyss:1  | Reached XP level 1. HP: 11/11 MP: 3/3
    31 | Abyss:1  | Noticed a rakshasa
    49 | Abyss:2  | Noticed a large abomination
   101 | Abyss:2  | Found a corrupted altar of Lugonu.
   102 | Abyss:2  | Noticed a wretched star
   111 | Abyss:2  | Noticed a large abomination
   116 | Abyss:2  | Noticed a quasit
   129 | Abyss:2  | Noticed a starcursed mass
   132 | Abyss:2  | Noticed a smoke demon
   141 | Abyss:2  | Noticed a starcursed mass
   174 | Abyss:2  | Found a corrupted altar of Lugonu.
   324 | Abyss:2  | Noticed a tentacled starspawn
   332 | Abyss:2  | Noticed a raiju
   348 | Abyss:2  | Mangled by a tentacled starspawn

Vault maps used:
Abyss:1:  hangedman_decor_lopped

Action                   || total
-------------------------++-------
  Use: Potion            ||     2
Dodge: Dodged            ||     2
